Unix NetHack Version 3.7.0-83 Work-in-progress - last build Apr 28 2023 22:06:38 (2625824c38750939014cf799bb7ff71c9e9c2d48,branch:master). Game began 2023-04-29 17:42:14, ended 2023-04-29 18:33:04. MaestroSpook, lawful female human Monk ------ 1....| |..%.| |..=.| u@....| ------ 1 ------ - |...<..| |......| |......| ....%..| |......| .......| -------- MaestroSpook the Initiate St:16 Dx:14 Co:12 In:10 Wi:13 Ch:11 Lawful Dlvl:9 $:436 HP:0(52) Pw:34(49) AC:3 Xp:7/679 T:3005 Latest messages: A cloth spellbook lands on the altar. A dark brown spellbook lands on the altar. A brown potion lands on the altar. There is a black flash as a cyan potion hits the altar. A murky potion lands on the altar. There is a black flash as an orange potion hits the altar. There is an amber flash as a ruby potion hits the altar. You cannot drop something you are wearing. A wand called teleportation lands on the altar. A wand of secret door detection lands on the altar. A wand of striking lands on the altar. A whistle lands on the altar. A red gem lands on the altar. What do you want to remove? [q or ?*] You were wearing an engagement ring (on right hand). What do you want to drop? [$a-eg-jqN or ?*] An engagement ring lands on the altar. The gray unicorn butts! The gray unicorn kicks! The gray unicorn butts! The gray unicorn kicks! You hit the gray unicorn! The gray unicorn just misses! The gray unicorn misses! The gray unicorn butts! The gray unicorn kicks! Your hands begin to glow red. The gray unicorn just misses! The gray unicorn kicks! You hit the gray unicorn! Your hands no longer glow so brightly red. The gray unicorn appears confused. The tip of the gray unicorn's horn glows! The gray unicorn seems steadier now. # You hit the gray unicorn! Your hands stop glowing red. The gray unicorn appears confused. The tip of the gray unicorn's horn glows! The gray unicorn seems steadier now. The gray unicorn butts! The gray unicorn kicks! # Are you sure you want to pray? [yn] (n) You begin praying to Shan Lai Ching. The gray unicorn butts! The gray unicorn kicks! You hear a door open. The gray unicorn butts! You die... Inventory: Coins ('$') $ - 436 gold pieces Armor ('[') N - an uncursed +0 orcish helm (being worn) a - an uncursed +2 pair of leather gloves (being worn) b - an uncursed +1 robe (being worn) Comestibles ('%') g - 6 uncursed apples i - 4 uncursed fortune cookies h - 5 uncursed oranges Scrolls ('?') d - an uncursed scroll of teleportation Spellbooks ('+') c - a blessed spellbook of confuse monster Potions ('!') e - 2 uncursed potions of healing Tools ('(') j - an uncursed magic marker (0:58) MaestroSpook the Monk's attributes: Background: You were an Initiate, a level 7 female human Monk. You were lawful, on a mission for Shan Lai Ching who was opposed by Chih Sung-tzu (neutral) and Huan Ti (chaotic). You were in the Dungeons of Doom, on level 9. You entered the dungeon 3005 turns ago. You had 679 experience points, 601 more were needed to attain level 8. Basics: You had 0 out of 52 hit points. You had 34 out of 49 energy points (spell power). Your armor class was 3. Your wallet contained 436 zorkmids. Autopickup was on for '$%?!"=/*', with exceptions. Final Characteristics: Your strength was 16 (limit:18/100). Your dexterity was 14 (limit:18). Your constitution was 12 (limit:18). Your intelligence was 10 (limit:18). Your wisdom was 13 (limit:18). Your charisma was 11 (limit:18). Final Status: You were not hungry. You were unencumbered. You were empty handed. You were skilled in martial arts. Final Attributes: You were piously aligned. You were fire resistant. You were sleep resistant. You were poison resistant. You saw invisible. You were warned. You were stealthy. You were guarded. You were fast. You are dead. Miscellaneous: You disabled loading of bones levels. Total elapsed playing time was 50 minutes and 47 seconds. Major events: Turn 1: MaestroSpook the lawful female human Monk entered the dungeon 480: entered the Gnomish Mines 1049: read a Discworld novel 1049: attained the rank of Novice (level 3) 2647: attained the rank of Initiate (level 6) 3005: killed by a gray unicorn, while praying Vanquished creatures: a dwarf ruler 2 leprechauns a werewolf a human zombie 8 bugbears an Uruk-hai a rock mole a pony a gnome leader a guardian naga hatchling a gray ooze an elf zombie a giant ant a little dog a floating eye a kitten a homunculus a kobold leader 5 hill orcs a giant bat an acid blob a hobbit a large kobold 6 hobgoblins a giant rat 2 gnomes 2 gnome zombies 3 geckos 4 jackals a fox 5 kobolds 3 goblins 6 grid bugs a bat 5 lichens a kobold zombie 5 newts 80 creatures vanquished. No species were genocided or became extinct. Voluntary challenges: You were vegetarian. You never hit with a wielded weapon. You read items or engraved 2 times. You never engraved Elbereth. You never genocided any monsters. You never polymorphed an object. You never changed form. You used no wishes. Achievements: You entered the Gnomish Mines. You entered a shop. You read from a Discworld novel. You attained the rank of Novice. You attained the rank of Initiate. The Dungeons of Doom: levels 1 to 9 Level 1: Level 2: A scroll shop. Stairs down to The Gnomish Mines. Level 3: A grave. Level 4: Level 5: Level 6: A fountain. Level 7: A fountain. Level 8: Many fountains. Level 9: <- You were here. An altar to Shan Lai Ching. Final resting place for you, killed by a gray unicorn, while praying. The Gnomish Mines: Level 3: Game over: ---------- / \ / REST \ / IN \ / PEACE \ / \ | MaestroSpook | | 436 Au | | killed by a gray | | unicorn | | | | | | 2023 | *| * * * | * _________)/\\_//(\/(/\)/\//\/|_)_______ Goodbye MaestroSpook the Monk... You died in The Dungeons of Doom on dungeon level 9 with 3519 points, and 436 pieces of gold, after 3005 moves. You were level 7 with a maximum of 52 hit points when you died.